Map: Reclamation LE

Players

MattBarry

  • Race: Zerg Zerg
  • League: Gold
  • Spawn Location: 12:00

BlackHole

  • Race: Terran Terran
  • Spawn Location: 11:00

VOD

Have the link to the VOD?

Description

Time

  • Played on: Feb. 10, 2023, 1:49 p.m.
  • Length: 22:59
Show
View Real Time Build Order
Export as new Build Order

MattBarry Zerg 

Build Orders:  

Get SALT Encoding   

  12  0:13  Drone  
  13  0:20  Overlord  
  13  0:28  Drone  
  14  0:45  Drone x2  
  16  1:11  Hatchery  
  16  1:15  Drone  
  16  1:30  Drone  
  16  1:31  Drone  
  18  1:48  Spawning Pool  
  18  1:49  Extractor  
  16  1:51  Drone  
  17  2:09  Drone  
  18  2:54  Zergling x2  
  18  2:55  Zergling x2  
  18  2:56  Zergling x2  
  18  2:58  Queen  
  18  2:59  Queen  
  25  3:03  Extractor  
  24  3:40  Roach Warren, Drone x2  
  24  3:41  Drone x2  
  27  4:01  Overlord  
  27  4:18  Drone  
  28  4:21  Evolution Chamber  
  28  4:22  Drone  
  28  4:26  Queen  
  30  4:40  Drone  
  30  4:41  Drone x2  
  30  4:57  Overlord  
  30  4:58  Drone  
  31  5:00  Metabolic Boost, Drone  
  32  5:24  Roach x2  
  32  5:25  Roach  
  32  5:26  Drone  
  32  5:27  Drone  
  40  5:37  Drone x3  
  43  5:42  Overlord  
  43  6:27  Lair  
  43  6:31  Zerg Ground Armor Level 1  
  43  6:32  Drone x2  
  43  6:33  Drone  
  43  6:34  Drone  
  43  6:37  Drone x2  
  43  6:38  Drone x2  
  43  6:39  Evolution Chamber  
  50  6:42  Overlord  
  50  6:43  Overlord  
  50  7:12  Roach x4  
  61  7:25  Overlord  
  61  7:26  Zergling x10  
  66  7:48  Glial Reconstitution  
  66  7:49  Hatchery  
  65  7:58  Spore Crawler  
  64  8:01  Overlord  
  64  8:03  Roach  
  64  8:04  Roach x2  
  70  8:31  Roach x4, Zergling x2  
  70  8:32  Zergling x6  
  69  9:13  Roach x4  
  69  9:14  Roach  
  69  9:15  Zergling x8  
  69  9:18  Overlord  
  83  9:50  Extractor  
  83  9:52  Extractor  
  83  9:56  Zergling x4  
  83  9:57  Zergling x4  
  83  9:59  Roach x5  
  95  10:07  Zerg Missile Weapons Level 1  
  95  10:09  Zerg Melee Weapons Level 1  
  95  10:12  Queen  
  95  10:18  Overlord  
  97  10:40  Overlord  
  97  10:45  Overlord  
  99  10:53  Overlord  
  99  11:02  Queen, Drone x3  
  99  11:03  Drone  
  99  11:06  Overlord x4  
  105  11:22  Zergling x2  
  105  11:23  Zergling x8  
  105  11:29  Baneling Nest  
  109  11:36  Infestation Pit  
  108  11:44  Burrow  
  108  11:48  Tunneling Claws  
  108  11:53  Pneumatized Carapace  
  108  11:55  Drone x2  
  108  11:56  Drone x2  
  112  12:02  Zergling x4  
  104  13:12  Zergling x22, Roach  
  104  13:13  Roach x5  
  65  14:13  Roach x10  
  65  14:14  Roach  
  65  14:15  Hatchery  
  86  14:29  Overseer  
  86  14:42  Overseer  
  86  15:23  Zergling x4  
  86  15:24  Zergling x8  
  86  15:25  Zergling x2  
  86  15:26  Roach x5  
  86  15:27  Roach x4  
  111  15:34  Drone  
  111  15:35  Drone x2  
  111  15:38  Drone  
  115  16:13  Drone  
  115  16:14  Drone x6  
  115  16:15  Drone  
  133  16:37  Queen  
  126  16:51  Hive  
  126  16:54  Zergling x12  
  126  16:55  Zergling x2  
  133  17:05  Zerg Missile Weapons Level 2  
  133  17:13  Roach x2  
  133  17:14  Roach x4  
  141  17:53  Zergling x2  
  141  17:54  Zergling x36  
  106  18:51  Zerg Melee Weapons Level 2  
  106  18:59  Viper  
  109  19:00  Viper  
  109  19:07  Hydralisk Den  
  111  19:19  Drone x5  
  116  19:20  Drone x6  
  116  19:23  Extractor  
  116  19:24  Extractor  
  120  19:33  Spore Crawler  
  119  19:57  Adrenal Overload  
  119  20:18  Hydralisk x2  
  119  20:19  Hydralisk x4, Hatchery  
  130  20:20  Hydralisk x3  
  130  20:21  Hydralisk  
  138  20:36  Lurker Den  
  137  21:29  Roach x4  
  130  21:30  Roach x3  
  145  21:33  Overlord x5  
  145  21:34  Overlord x2  
  145  21:49  Viper, Roach x3  
  132  21:50  Roach x4  
  129  21:51  Roach x2  
  129  21:54  Zergling x2  
  119  22:04  Hydralisk x5  
Show
View Real Time Build Order
Export as new Build Order

BlackHole Terran 

Build Orders:  

Get SALT Encoding   

  12  0:01  SCV  
  13  0:18  SCV  
  14  0:37  Supply Depot  
  14  0:54  Supply Depot  
  14  0:59  Refinery  
  14  1:02  SCV  
  15  1:19  SCV  
  16  1:33  Barracks  
  16  1:36  SCV  
  17  2:37  Command Center  
  17  2:43  Barracks  
  17  2:54  Barracks Reactor  
  17  3:21  Barracks  
  17  3:46  SCV  
  18  3:57  Supply Depot  
  18  4:03  SCV  
  18  4:07  Refinery  
  19  4:10  Marine  
  19  4:19  SCV  
  21  4:20  SCV  
  21  4:25  Barracks Tech Lab  
  21  4:29  Supply Depot  
  22  4:34  Marine  
  22  4:37  SCV  
  24  4:40  Barracks Reactor  
  24  4:54  SCV  
  24  4:59  Factory  
  25  5:16  Marine x3, Factory  
  28  5:34  Marine x2  
  30  5:40  Marine  
  30  5:41  Marauder  
  30  5:45  SCV  
  34  5:53  Stimpack  
  34  6:01  Marine  
  34  6:02  Marine x2, SCV  
  38  6:11  Marauder, Factory Tech Lab  
  40  6:20  Factory Tech Lab  
  40  6:38  Marine x3  
  43  6:40  Marine  
  43  6:41  Marauder  
  43  6:47  SCV  
  47  7:04  SCV  
  47  7:05  Supply Depot  
  47  7:07  Supply Depot  
  48  7:35  Siege Tank  
  51  8:05  SCV  
  52  8:15  Refinery  
  52  8:18  SCV, Refinery  
  53  8:22  SCV  
  54  8:35  SCV, Siege Tank  
  54  8:39  SCV  
  58  8:50  Concussive Shells  
  58  8:52  SCV  
  39  9:49  Marine x2  
  41  9:50  Marine x3  
  44  10:04  SCV  
  45  10:12  SCV  
  45  10:14  Marine x3  
  45  10:15  Marine x2  
  51  10:21  SCV  
  51  10:29  SCV  
  53  10:32  Siege Tank  
  53  10:33  Command Center, Siege Tank  
  53  10:38  SCV  
  53  10:39  Marine x3  
  63  10:40  Marine, Marauder  
  63  10:46  SCV  
  67  10:55  SCV  
  68  11:04  Marine x3  
  68  11:05  Marine  
  68  11:07  Armory  
  72  11:10  Marauder, Engineering Bay  
  72  11:12  Armory, SCV  
  72  11:13  Orbital Command  
  72  11:17  Siege Tank  
  78  11:54  Refinery  
  78  11:56  Refinery  
  78  11:57  Marauder  
  80  12:03  Supply Depot  
  80  12:04  Supply Depot  
  80  12:05  Siege Tank x5  
  80  12:06  Supply Depot x2, Siege Tank x2  
  86  12:18  Orbital Command  
  86  12:34  Terran Infantry Weapons Level 1  
  86  12:38  Terran Vehicle Weapons Level 1  
  86  12:46  Siege Tank x5  
  86  13:14  Siege Tank x3  
  77  13:28  Unknown  
  44  14:15  Marine x3  
  44  14:16  Marine x2  
  49  14:25  Siege Tank  
  49  14:26  Siege Tank  
  55  14:40  Marine x3  
  55  14:41  Marine x2  
  55  14:45  Starport  
  55  14:49  Starport, SCV  
  61  14:57  SCV  
  62  15:05  Marine x4, SCV  
  62  15:06  SCV, Marauder  
  70  15:10  Siege Tank x2  
  70  15:13  Terran Infantry Armor Level 1  
  70  15:14  SCV  
  77  15:21  SCV  
  77  15:22  SCV  
  79  15:30  Marine x4  
  79  15:31  SCV  
  79  15:36  Marauder  
  86  15:44  Factory  
  86  15:55  Siege Tank x2  
  92  16:01  Marine x3  
  92  16:02  Marine  
  92  16:06  Marauder  
  92  16:08  Siege Tank x4  
  98  16:11  Barracks  
  98  16:12  Barracks  
  98  16:26  Marine x4  
  98  16:28  Terran Vehicle Weapons Level 2  
  102  16:32  Starport Tech Lab  
  102  16:33  Starport Tech Lab  
  102  16:36  Marine  
  103  16:41  Fusion Core  
  100  16:51  Marine x2  
  102  17:00  Terran Vehicle And Ship Armor Level 1  
  102  17:02  Siege Tank x6, Medivac x2  
  106  17:34  Siege Tank x2  
  106  17:37  Siege Tank x2  
  112  17:44  Medivac  
  117  17:53  Terran Infantry Weapons Level 2  
  117  17:54  Siege Tank x2  
  117  17:55  Siege Tank  
  76  18:19  Siege Tank  
  69  18:44  Unknown  
  69  18:50  Marine x4  
  69  18:51  Marine  
  74  19:00  Barracks Reactor  
  74  19:01  Barracks Reactor  
  74  19:07  Factory Tech Lab  
  74  19:15  Marine x4, Marauder  
  80  19:26  Unknown  
  86  19:40  Marine x4  
  86  19:45  Marauder  
  86  19:48  SCV  
  93  20:05  Marine x4, SCV  
  98  20:15  Marauder  
  98  20:18  Command Center  
  100  20:22  Unknown, SCV  
  100  20:23  Refinery  
  100  20:24  Refinery  
  100  20:25  Unknown  
  107  20:45  Marauder  
  109  21:05  SCV  
  110  21:13  SCV  
  111  21:22  Unknown, SCV  
  111  21:25  Viking, Unknown  
  117  21:30  SCV  
  117  21:39  SCV  
  106  21:47  SCV  
  63  22:07  Viking  
  65  22:14  Marine x3  
  65  22:15  Marine  
  66  22:22  Unknown  
  66  22:23  Marine x4  
  66  22:24  Marine  
Tags
 
League
Gold
Matchup
Co-op
Replay Pack
Multiplayer
Add a new tag
Caveats
  • Supply blocks, unpowered buildings, or Contaminate may cause inaccurate times.
  • Supply counts are checked every 10 seconds.